 Dungeon Crawl Stone Soup version 0.27-a0-1529-g1e82c303ef (webtiles) character file.

Game seed: 5576484051955527487

40628 tsouns the Brawler (level 13, -1/130 HPs)
             Began as a Troll Gladiator on July 12, 2021.
             Was an Elder of Yredelemnul.
             Slain by a vault guard (23 damage)
             ... on level 13 of the Dungeon.
             The game lasted 00:36:20 (15484 turns).

tsouns the Brawler (Troll Gladiator)               Turns: 15484, Time: 00:36:21

Health: -1/130     AC: 11    Str: 27    XL:     13   Next: 75%
Magic:  19/19      EV: 11    Int:  6    God:    Yredelemnul [****..]
Gold:   1519       SH:  0    Dex: 11    Spells: 1/12 levels left

rFire    + . .     SeeInvis +     - Unarmed
rCold    . . .     Faith    .   (no shield)
rNeg     . . .     Spirit   .   H - +5 robe of Night {Dark Will+ SInv}
rPois    .         Reflect  .   b - +2 hat
rElec    .         Harm     .   m - scarf {repulsion}
rCorr    .         Rampage  .   (gloves unavailable)
Will     +....                  (boots unavailable)
Stlth    +.........             A - amulet of regeneration
HPRegen  2.31/turn              x - ring of see invisible
MPRegen  0.16/turn              o - ring of protection from fire

@: repel missiles
A: large, unfitting armour, claws 3, regeneration 1, shaggy fur 1, tough skin 1
a: Renounce Religion, Recall Undead Slaves, Injury Mirror, Animate Dead, Drain
Life


You were on level 13 of the Dungeon.
You worshipped Yredelemnul.
Yredelemnul was greatly pleased with you.
You visited 2 branches of the dungeon, and saw 19 of its levels.

You collected 1909 gold pieces.
You spent 390 gold pieces at shops.

Inventory:

Missiles
 c - 3 throwing nets
 z - 2 curare-tipped darts
 F - 5 boomerangs of dispersal
 I - 9 atropa-tipped darts
 R - 21 large rocks (quivered)
Armour
 b - a +2 hat (worn)
 m - a scarf of repulsion (worn)
 H - the +5 robe of Night (worn) {Dark Will+ SInv}
   (You found it on level 6 of the Lair of Beasts)

   SInv:      It lets you see invisible.
   Will:      It increases your willpower.
 N - a +2 kite shield
 U - a +0 cloak
Jewellery
 o - a ring of protection from fire (right claw)
 t - a ring of wizardry
 u - a ring of positive energy
 x - a ring of see invisible (left claw)
 A - an amulet of regeneration (around neck)
Wands
 p - a wand of digging (11)
 w - a wand of polymorph (9)
 D - a wand of iceblast (25)
 G - a wand of paralysis (25)
 M - a wand of charming (12)
 T - a wand of flame (5)
Scrolls
 a - 4 scrolls of enchant armour
 f - 10 scrolls of teleportation
 g - 5 scrolls of fog
 h - a scroll of immolation
 B - a scroll of identify
 C - 4 scrolls of amnesia
 K - a scroll of enchant weapon
 O - 2 scrolls of magic mapping
 Q - a scroll of summoning
 S - a scroll of brand weapon
Potions
 d - 4 potions of magic
 e - 2 potions of might
 j - 3 potions of haste
 l - 3 potions of mutation
 n - 4 potions of brilliance
 q - 2 potions of lignification
 r - 4 potions of heal wounds
 v - 3 potions of curing
 P - a potion of berserk rage
Miscellaneous
 y - a piece from Xom's chessboard (15/15)


   Skills:
 + Level 8.8 Fighting
 + Level 6.1 Throwing
 + Level 4.8 Dodging
 + Level 16.7 Unarmed Combat
 - Level 9.7 Invocations


You had one spell level left.
You knew the following spells:

 Your Spells              Type           Power      Damage    Failure   Level
a - Blink                 Tloc           N/A        N/A       58%         2
b - Shatter               Erth           0%         3d5*      100%        9

Your spell library contained the following spells:

 Spells                   Type           Power      Damage    Failure   Level
 Beastly Appendage        Tmut           0%         N/A       45%         1
 Magic Dart               Conj           0%         1d3       45%         1
 Call Imp                 Summ           0%         N/A       58%         2
 Searing Ray              Conj           0%         3d3       58%         2
 Slow                     Hex            0%         N/A       58%         2
 Static Discharge         Conj/Air       0%         N/A       58%         2
 Sublimation of Blood     Necr           0%         N/A       58%         2
 Call Canine Familiar     Summ           0%         N/A       83%         3
 Confusing Touch          Hex            0%         N/A       83%         3
 Mephitic Cloud           Conj/Pois/Air  0%         N/A       83%         3
 Portal Projectile        Hex/Tloc       0%         N/A       83%         3
 Stone Arrow              Conj/Erth      0%         3d7       83%         3
 Tukima's Dance           Hex            0%         N/A       83%         3
 Vampiric Draining        Necr           0%         2d6       83%         3
 Dispel Undead            Necr           0%         3d6       99%         4
 Fulminant Prism          Conj/Hex       0%         3d6       99%         4
 Leda's Liquefaction      Hex/Erth       0%         N/A       99%         4
 Petrify                  Tmut/Erth      0%         N/A       99%         4
 Sticky Flame             Conj/Fire      0%         2d3       99%         4
 Bolt of Magma            Conj/Fire/Erth 0%         4d4       100%        5
 Irradiate                Conj/Tmut      0%         3d13      100%        5
 Manifold Assault         Tloc           0%         N/A       100%        5
 Storm Form               Tmut/Air       0%         N/A       100%        7
 Borgnjor's Revivificati  Necr           0%         N/A       100%        8
 Necromutation            Tmut/Necr      0%         N/A       100%        8
 Death's Door             Necr           0%         N/A       100%        9


Dungeon Overview and Level Annotations

Branches:
Dungeon (12/15)            Temple (0/1) D:6            Lair (6/6) D:9
 Shoals (0/4) Lair:2        Slime (0/5) Lair:6       Vaults (0/5) D:13
  Snake: Lair:2-4    Spider: Lair:2-4       Orc: D:9-12

Altars:
Elyvilon
Fedhas
Gozag
Ru
Xom
Yredelemnul
Zin

Shops:
D:5 =   D:8 *

Portals:
Trove: D:10 (give 15 scrolls of teleportation)


Innate Abilities, Weirdness & Mutations

You are too large for most types of armour.
You have claws for hands.
Your natural rate of healing is unusually fast.
You are covered in fur. (AC +1)
You have tough skin. (AC +1)


Message History

The vault guard is heavily wounded.
The vault guard hits you with a +0 war axe!
You eviscerate the vault guard!!!
You kill the vault guard!
Yredelemnul accepts your kill.
You closely miss the vault guard.
The vault guard hits you with a +0 great sword!!
You scratch the vault guard but do no damage.
You claw the vault guard!
The vault guard is lightly wounded.
The vault guard hits you with a +0 great sword!
* * * LOW HITPOINT WARNING * * *
The vault guard hits you but does no damage.
Unknown command.
Aiming: Charm
Press: ? - help, Shift-Dir - straight line, f - vault guard
Aim: a vault guard, wielding a +0 great sword and wearing a +0 plate armour (lightly wounded, chance to affect: 15%)
Okay, then.
You claw the vault guard!
The vault guard is moderately wounded.
You mangle the vault guard!!
The vault guard is severely wounded.
The vault guard hits you with a +0 great sword.
You barely miss the vault guard.
The vault guard is severely wounded.
The deep elf pyromancer casts a spell.
The deep elf pyromancer blinks!
The vault guard hits you with a +0 great sword!!
* * * LOW HITPOINT WARNING * * *
You barely miss the vault guard.
The vault guard is severely wounded.
You barely miss the vault guard.
The vault guard is severely wounded.
The vault guard hits you with a +0 great sword!
* * * LOW HITPOINT WARNING * * *
You scratch the vault guard but do no damage.
The vault guard is severely wounded.
The vault guard hits you with a +0 great sword!!
You die...
Your body rises from the dead as a mindless zombie.

##.## ##...## ..
##...####....^## .
..##.....##.°°○...##..
...........☼EE○.......
.........###T###....#
.#......# #.##.....#
#....### #..........
.##..######e☼........
#......@pTE○°........#
###########○......##.#
######### ##


You could see a vault guard, a deep elf pyromancer, a troll and a fire elemental
(summoned).

Vanquished Creatures
  3 vault guards (D:13)
  Erolcha (D:9)
  A catoblepas (Lair:3)
  3 boulder beetles
  3 hydras
  A two-headed ogre (D:9)
  4 death yaks (Lair:6)
  3 cyclopes
  3 oklob plants (Lair:6)
  An ugly thing (D:13)
  Maurice (D:10)
  A merfolk siren (Lair:2)
  Joseph (D:8)
  2 black mambas (Lair:6)
  A torpor snail (Lair:5)
  12 cane toads
  Maggie (Lair:2)
  An unseen horror (shapeshifter) (D:13)
  2 komodo dragons
  A merfolk (Lair:2)
  4 hornets
  4 polar bears (Lair:6)
  A troll (D:11)
  14 blink frogs
  2 dream sheep (Lair:6)
  8 spriggans (Lair:6)
  Sigmund (D:2)
  A vampire (D:9)
  A shadow (D:10)
  A wraith (D:11)
  25 yaks
  3 basilisks
  3 wyverns
  An acid dragon (D:10)
  10 water moccasins
  6 orc warriors
  3 black bears
  5 boggarts (Lair:6)
  A necrophage (D:4)
  2 ogres
  15 wolves (Lair:6)
  3 centaurs
  3 kobold brigands
  10 bullfrogs
  4 scorpions
  4 killer bees (D:9)
  2 howler monkeys (D:9)
  A centaur zombie (D:8)
  2 hounds
  7 orc priests
  A bullfrog skeleton (D:6)
  3 jellies
  4 iguanas
  Natasha (twice) (D:2)
  9 orc wizards
  5 hell rats (Lair:1)
  A killer bee zombie (D:6)
  A hound zombie (D:5)
  2 hound skeletons
  A mummy (D:6)
  A howler monkey zombie (D:6)
  Robin (D:2)
  8 adders
  4 gnolls (D:5)
  A howler monkey skeleton (D:5)
  2 shadow imps
  A white imp (D:8)
  3 worms
  6 dart slugs
  31 orcs
  3 ball pythons
  7 endoplasms
  3 giant cockroaches
  19 goblins
  14 hobgoblins
  15 jackals
  19 kobolds
  6 quokkas
  6 bats
  A frilled lizard (D:3)
  3 kobold zombies (D:6)
  4 orc zombies (D:6)
  9 rats
389 creatures vanquished.

Vanquished Creatures (collateral kills)
  2 hydras (Lair:2)
  An oklob plant (Lair:6)
  A black mamba (Lair:3)
  3 cane toads
  A komodo dragon (Lair:6)
  2 merfolk (Lair:2)
  2 hornets (Lair:6)
  2 blink frogs (Lair:1)
  A spriggan (Lair:6)
  3 yaks
  A basilisk (Lair:1)
  A naga (Lair:4)
  6 water moccasins
  An ice beast (D:8)
  A black bear (Lair:6)
  3 wolves (Lair:6)
  3 bullfrogs
  An orc priest (D:7)
  Natasha (D:2)
  An orc wizard (D:7)
  A hell rat (Lair:1)
  4 orcs
  A jackal (D:2)
  A quokka (D:2)
  A frilled lizard (D:3)
  3 bushes
  A butterfly (D:6)
49 creatures vanquished.

Vanquished Creatures (others)
  A flayed ghost (Lair:6)
  9 flying skulls
  A vampire (Lair:5)
  4 hornet zombies (Lair:6)
  A mummy (Lair:2)
  A boulder beetle zombie (Lair:6)
  A black mamba zombie (Lair:6)
  A wyvern zombie (Lair:6)
  2 yak zombies
  5 blink frog zombies
  2 bullfrog zombies
  A dream sheep zombie (Lair:6)
  A komodo dragon zombie (Lair:6)
  3 cane toad zombies
  A scorpion zombie (D:6)
  2 basilisk zombies
  A bat zombie (D:2)
  A black bear zombie (Lair:6)
  A polar bear zombie (Lair:6)
  A howler monkey zombie (D:9)
  A jackal zombie (D:2)
  A quokka zombie (D:2)
  2 water moccasin zombies
  11 wolf zombies (Lair:6)
  A bush (Lair:6)
  49 fungi
  59 plants
  A withered plant (D:5)
165 creatures vanquished.

Grand Total: 603 creatures vanquished

Notes
Turn   | Place    | Note
-------+----------+-------------------------------------------
     0 | D:1      | tsouns the Troll Gladiator began the quest for the Orb.
     0 | D:1      | Reached XP level 1. HP: 19/19 MP: 0/0
    96 | D:1      | Reached XP level 2. HP: 26/27 MP: 1/1
   154 | D:1      | Found a faded altar of an unknown god.
   246 | D:1      | Became a worshipper of Yredelemnul the Dark
   246 | D:1      | Reached * piety under Yredelemnul
   650 | D:1      | Reached skill level 4 in Unarmed Combat
  1030 | D:2      | Reached XP level 3. HP: 33/33 MP: 2/2
  1241 | D:2      | Reached ** piety under Yredelemnul
  1258 | D:2      | Noticed Sigmund
  1265 | D:2      | Killed Sigmund
  1266 | D:2      | Reached skill level 6 in Unarmed Combat
  1266 | D:2      | Reached XP level 4. HP: 16/41 MP: 3/3
  1266 | D:2      | Reached XP level 5. HP: 18/48 MP: 4/4
  1392 | D:2      | Noticed Natasha
  1400 | D:2      | Killed Natasha
  1569 | D:2      | Noticed Natasha
  1577 | D:2      | Killed Natasha
  1608 | D:2      | Noticed Natasha
  1613 | D:2      | Killed Natasha
  1614 | D:2      | Reached XP level 6. HP: 55/55 MP: 3/5
  1721 | D:2      | Noticed Robin
  1738 | D:2      | Killed Robin
  1740 | D:2      | Reached skill level 7 in Unarmed Combat
  2251 | D:3      | Learned a level 2 spell: Blink
  2322 | D:3      | Reached *** piety under Yredelemnul
  2948 | D:4      | Reached XP level 7. HP: 61/66 MP: 6/6
  3221 | D:4      | Reached skill level 1 in Invocations
  3239 | D:4      | Reached skill level 8 in Unarmed Combat
  3297 | D:4      | Found an opulent altar of Gozag.
  3436 | D:4      | Found a glowing silver altar of Zin.
  3439 | D:4      | Found a sacrificial altar of Ru.
  3444 | D:4      | Found a blossoming altar of Fedhas.
  3502 | D:5      | Entered Level 5 of the Dungeon
  3681 | D:5      | Reached **** piety under Yredelemnul
  3682 | D:5      | Reached XP level 8. HP: 65/75 MP: 8/8
  3818 | D:5      | Found a basalt altar of Yredelemnul.
  3871 | D:5      | Found Emapsiaso's Jewellery Boutique.
  4492 | D:6      | Found a staircase to the Ecumenical Temple.
  4503 | D:6      | Reached skill level 9 in Unarmed Combat
  4522 | D:6      | Found a shimmering altar of Xom.
  4614 | D:6      | Received a gift from Yredelemnul (a mummy)
  5714 | D:7      | Reached skill level 10 in Unarmed Combat
  5714 | D:7      | Reached XP level 9. HP: 85/85 MP: 9/11
  6080 | D:7      | Received a gift from Yredelemnul (4 flying skulls)
  6099 | D:7      | Found a white marble altar of Elyvilon.
  6774 | D:8      | Reached skill level 5 in Fighting
  6844 | D:8      | Found Erydewn's Lightly-Used Armoury.
  6953 | D:5      | Bought an amulet of regeneration for 390 gold pieces
  7139 | D:8      | Noticed a cyclops
  7145 | D:8      | Killed a cyclops
  7146 | D:8      | Reached skill level 11 in Unarmed Combat
  7146 | D:8      | Reached skill level 5 in Invocations
  7197 | D:8      | Noticed Joseph
  7204 | D:8      | Killed Joseph
  7204 | D:8      | Received a gift from Yredelemnul (a mummy)
  7581 | D:9      | Found a staircase to the Lair.
  7608 | D:9      | Noticed a two-headed ogre
  7623 | D:9      | Killed a two-headed ogre
  7624 | D:9      | Reached XP level 10. HP: 70/98 MP: 13/13
  7707 | D:9      | Noticed Erolcha
  7714 | D:9      | Reached skill level 12 in Unarmed Combat
  7724 | D:9      | Killed Erolcha
  7761 | D:9      | Reached ***** piety under Yredelemnul
  7920 | D:9      | Received a gift from Yredelemnul (a flying skull)
  8322 | Lair:1   | Entered Level 1 of the Lair of Beasts
  8458 | Lair:1   | Reached XP level 11. HP: 107/107 MP: 15/15
  8669 | Lair:1   | Reached skill level 13 in Unarmed Combat
  8753 | Lair:1   | Received a gift from Yredelemnul (a wraith)
  9016 | Lair:1   | Received a gift from Yredelemnul (a wraith)
  9533 | Lair:2   | Noticed Maggie
  9543 | Lair:2   | Killed Maggie
  9624 | Lair:2   | Noticed a four-headed hydra
  9631 | Lair:2   | Killed a six-headed hydra
  9761 | Lair:2   | Found a staircase to the Shoals.
  9890 | Lair:2   | Noticed a six-headed hydra
  9895 | Lair:2   | Killed a six-headed hydra
  9896 | Lair:2   | Reached skill level 14 in Unarmed Combat
  9956 | Lair:2   | Noticed a seven-headed hydra
  9960 | Lair:2   | Killed a seven-headed hydra
 10731 | Lair:3   | Received a gift from Yredelemnul (a vampire)
 11165 | Lair:3   | Noticed a catoblepas
 11179 | Lair:3   | Killed a catoblepas
 11180 | Lair:3   | Reached XP level 12. HP: 63/115 MP: 17/17
 11647 | Lair:4   | Identified the +1 falchion "Oposh" {protect, Int+4}
 11657 | Lair:4   | Noticed a boulder beetle
 11672 | Lair:4   | Killed a boulder beetle
 11672 | Lair:4   | Received a gift from Yredelemnul (a vampire)
 11743 | Lair:4   | Reached skill level 15 in Unarmed Combat
 12053 | Lair:4   | You fall into a shaft and drop 1 floor!
 12090 | Lair:5   | Identified the +5 long sword of Moral Flaws {vorpal, +Blink
                  | Int+4 Dex-4}
 12107 | Lair:5   | Received a gift from Yredelemnul (a vampire)
 12211 | Lair:5   | Noticed an eight-headed hydra
 12215 | Lair:5   | Killed an eight-headed hydra
 12265 | Lair:5   | Learned a level 9 spell: Shatter
 12577 | Lair:5   | Noticed a boulder beetle
 12587 | Lair:5   | Killed a boulder beetle
 12945 | Lair:6   | Entered Level 6 of the Lair of Beasts
 13030 | Lair:6   | Reached skill level 16 in Unarmed Combat
 13224 | Lair:6   | Noticed a catoblepas
 13263 | Lair:6   | Noticed a five-headed hydra
 13268 | Lair:6   | Killed a five-headed hydra
 13269 | Lair:6   | Reached XP level 13. HP: 119/125 MP: 19/19
 13284 | Lair:6   | Found a staircase to the Slime Pits.
 13642 | Lair:6   | Found the +5 robe of Night {Dark Will+ SInv}
 13735 | Lair:6   | Received a gift from Yredelemnul (5 flying skulls)
 13858 | Lair:6   | Identified the +0 ice dragon scales of the Good {rPois rF-
                  | rC++ Dex+2}
 13946 | Lair:6   | Paralysed by a hornet for 2 turns
 14029 | Lair:6   | Identified the +9 trident of Hard Scrabble {vorpal, Drain
                  | Will+ SInv}
 14056 | Lair:6   | Paralysed by a hornet for 1 turns
 14066 | Lair:6   | Reached skill level 5 in Throwing
 14082 | Lair:6   | Paralysed by a hornet for 3 turns
 14098 | Lair:6   | Received a gift from Yredelemnul (a flayed ghost)
 14514 | D:10     | Entered Level 10 of the Dungeon
 14580 | D:10     | Found a portal to a secret trove of treasure.
 14589 | D:10     | Got the Tome of Entrancing Transmutation
 14823 | D:10     | Noticed Maurice
 14829 | D:10     | Killed Maurice
 14843 | D:10     | Identified a scroll of acquirement
 14846 | D:10     | Acquired 463 gold pieces
 15303 | D:11     | You fall into a shaft and drop 1 floor!
 15402 | D:12     | You fall into a shaft and drop 1 floor!
 15432 | D:13     | Found a gate to the Vaults.
 15484 | D:13     | Slain by a vault guard

Illustrated notes

Levels and vault maps discovered:
D:1:      lightli_iron_boxes, layout_basic, dilly_ecumenical_altar_fadedgnrine
D:2:      layout_loops_ring, minmay_quadrilaterals, uniq_robin, uniq_sigmund,
          uniq_natasha
D:3:      layout_basic
D:4:      minmay_bubble_buster, layout_rooms,
          gammafunk_temple_overflow_forgotten, grunt_gozag_statues, minivault_25
D:5:      layout_cave_pods, yredelemnul_altar_generic, nicolae_take_the_stairs
D:6:      layout_loops_corners, xom_butterflies,
          minmay_temple_entry_statues_fountains
D:7:      layout_layer_cave, nicolae_elyvilon_peaceful_grove
D:8:      layout_basic, minmay_shop_damaged, kennysheep_path_1, uniq_joseph
D:9:      layout_roguey, dpeg_oklobed_lair, uniq_erolcha
D:10:     layout_layer_cave, nicolae_trove_entry_free_sample, uniq_maurice
D:11:     layout_long_grid
D:12:     layout_irregular_city, hiddenorc1_lemuel, minivault_21, hex_large,
          kennysheep_generic_room_10
D:13:     layout_cave_pods, lightli_vaults_fourway_checkpoint, minivault_27
Lair:1:   layout_concentric_octagons, grunt_megastairs_3
Lair:2:   layout_regular_city, elwin_shoals_entry_stream,
          infiniplex_staircase_pool, uniq_maggie
Lair:3:   layout_hall_layers
Lair:4:   layout_regular_city, minmay_snake_entry_guardpost_medium,
          beast_lair_carwin_3
Lair:5:   layout_small_grid
Lair:6:   minmay_lair_end_enchanted_forest, layout_misc_corridors, slime_dummy,
          minmay_lair_oklob_chamber, lemuel_fruit_tree, lemuel_fruit_fields

Skill      XL: |  1  2  3  4  5  6  7  8  9 10 11 12 13 |
---------------+----------------------------------------+-----
Unarmed Combat | 4 6 7 8 10 11 12 14 16 | 16.7
Fighting       | 2 3 4 5 6 7 8 |  8.8
Invocations    | 2 4 5 6 8 9 |  9.7
Throwing       | 4 6 |  6.1
Dodging        | 4 |  4.8

Action                   |  1- 3 |  4- 6 |  7- 9 | 10-12 | 13-15 || total
-------------------------+-------+-------+-------+-------+-------++-------
Melee: Unarmed           |    96 |   140 |   249 |   380 |   229 ||  1094
       Punch             |     2 |     3 |    17 |    19 |    17 ||    58
Throw: Large rock        |       |       |       |    24 |     8 ||    32
Invok: Animate Remains   |     2 |    12 |       |       |       ||    14
       Animate Dead      |       |     3 |     8 |    31 |    20 ||    62
       Injury Mirror     |       |       |       |     4 |       ||     4
       Recall Undead Sla |       |       |       |     1 |       ||     1
       Drain Life        |       |       |       |       |     2 ||     2
Evoke: Wand              |       |       |       |     6 |     1 ||     7
  Use: Scroll            |       |       |    15 |     5 |     7 ||    27
 Stab: Sleeping          |     1 |     1 |     1 |     1 |       ||     4
       Distracted        |       |       |       |     3 |       ||     3
       Petrified         |       |       |       |     2 |       ||     2
Armor: Robe              |    41 |    44 |    65 |   102 |    60 ||   312
Dodge: Dodged            |    58 |    65 |   103 |   138 |    79 ||   443
       Repelled          |       |       |       |       |     2 ||     2

Table legend: (Time is in decaauts)
 A = Elapsed time spent in this place.
 B = Non-inter-level travel time spent in this place.
 C = Inter-level travel time spent in this place.
 D = Time resting spent in this place.
 E = Time spent auto-exploring this place.
 F = Levels seen in this place.
 G = Mean time per level.
                   A        B        C        D        E       F      G
               +--------+--------+--------+--------+--------+-----+--------+
         Total |  15342 |  14347 |    995 |      0 |  11676 |  19 |  807.5 |
       Dungeon |   9334 |   8623 |    711 |      0 |   7119 |  13 |  718.0 |
          Lair |   6007 |   5723 |    284 |      0 |   4557 |   6 | 1001.2 |
               +--------+--------+--------+--------+--------+-----+--------+

Top non-repeatable levels by time:
  Lair:6: 1410 daAuts
     D:7: 1290 daAuts
  Lair:3: 1121 daAuts
     D:6: 1109 daAuts
     D:2: 1061 daAuts
  Lair:1: 1035 daAuts
  Lair:2: 1017 daAuts
     D:1: 999 daAuts
     D:5: 941 daAuts
  Lair:5: 928 daAuts
     D:9: 795 daAuts
     D:4: 736 daAuts
    D:10: 728 daAuts
     D:3: 725 daAuts
     D:8: 722 daAuts
